 Dungeon Crawl Stone Soup version 0.29.1-15-g9cfb28693d (webtiles) character file.

Game seed: 9319893146637693751

175 bmack86 the Chopper (level 5, 0/45 HPs)
             Began as a Minotaur Fighter on Apr 8, 2024.
             Slain by an orc priest
             ... wielding a +0 dagger
              (4 damage)
             ... on level 4 of the Dungeon.
             The game lasted 00:06:02 (2943 turns).

bmack86 the Chopper (Minotaur Fighter)              Turns: 2943, Time: 00:06:03

Health: 0/45       AC:  6    Str: 23    XL:     5   Next: 29%
Magic:  4/4        EV:  9    Int:  5    God:
Gold:   135        SH:  4    Dex:  9    Spells: 4/4 levels left

rFire   . . .      SeeInvis .   a - +0 war axe
rCold   . . .      Faith    .   c - +0 buckler
rNeg    . . .      Spirit   .   b - +0 scale mail
rPois   .          Reflect  .   (helmet restricted)
rElec   .          Harm     .   (no cloak)
rCorr   .          Rampage  .   (no gloves)
Will    .....                   (no boots)
Stlth   ..........              (no amulet)
HPRegen 0.15/turn               (no ring)
MPRegen 0.09/turn               (no ring)

@: no status effects
A: horns 2, retaliatory headbutt
a: no special abilities


You were on level 4 of the Dungeon.
You visited 1 branch of the dungeon, and saw 4 of its levels.

You collected 135 gold pieces.

Inventory:

Hand Weapons
 a - a +0 war axe (weapon)
 y - a +0 broad axe
Missiles
 r - 6 boomerangs (quivered)
Armour
 b - a +0 scale mail (worn)
 c - a +0 buckler (worn)
Wands
 x - a wand of polymorph (10)
Scrolls
 f - a scroll of acquirement {unknown}
 g - a scroll of poison {unknown}
 i - a scroll of brand weapon {unknown}
 k - 2 scrolls of identify {unknown}
 l - a scroll of noise {unknown}
 o - a scroll of amnesia {unknown}
 p - 2 scrolls of teleportation {unknown}
 q - 3 scrolls of immolation
 s - a scroll of magic mapping {unknown}
 t - a scroll of blinking {unknown}
 u - a scroll of torment {unknown}
 w - a scroll of butterflies {unknown}
Potions
 d - 4 potions of might
 e - 2 potions of brilliance {unknown}
 h - a potion of ambrosia {unknown}
 j - a potion of lignification {unknown}
 m - 2 potions of curing {unknown}
 n - 2 potions of mutation {unknown}
 v - a potion of heal wounds {unknown}
 z - a potion of cancellation {unknown}


   Skills:
 - Level 3.6 Fighting
 + Level 5.8 Axes
 - Level 3.6 Armour
 - Level 5.0 Shields


You had 4 spell levels left.
You didn't know any spells.
Your spell library contained the following spells:

 Spells                   Type           Power      Damage    Failure   Level
 Sting                    Tmut/Pois      0%         1d3       86%         1
 Poisonous Vapours        Pois/Air       0%         N/A       95%         2
 Olgreb's Toxic Radiance  Pois           0%         N/A       100%        4


Dungeon Overview and Level Annotations

Branches:
Dungeon (4/15)
 Temple: D:4-7

Altars:


Innate Abilities, Weirdness & Mutations

You have a pair of horns on your head.
You reflexively headbutt those who attack you in melee.


Message History

The orc hits you but does no damage.
You closely miss the orc. The orc hits you with a +0 club.
The orc closely misses you.
You completely miss the orc. You headbutt the orc.
The orc is severely wounded.
The orc closely misses you.
You slash the orc!
You kill the orc!
Things that are here:
a +0 club; a +0 leather armour; an orc corpse You hit the orc.
Your headbutt misses the orc.
The orc is heavily wounded.
The orc hits you but does no damage.
You are poisoned.
You closely miss the orc. You headbutt the orc.
You kill the orc!
You feel very sick. The orc hits you but does no damage.
You hit the orc. You headbutt the orc.
You kill the orc!
You feel sick.
You completely miss the orc priest. Your headbutt misses the orc priest.
You feel sick.
The orc priest hits you but does no damage.
You barely miss the orc priest.
You feel sick.
The orc priest hits you with a +0 dagger.
You slash the orc priest!
The orc priest is severely wounded.
You feel sick.
The orc priest calls down the wrath of Beogh upon you.
Pain shoots through your body!
The orc priest calls down the wrath of Beogh upon you.
Beogh smites you!
* * * LOW HITPOINT WARNING * * *
You barely miss the orc priest. You headbutt the orc priest.
The orc priest is almost dead.
You feel sick.
You are no longer poisoned.
The orc priest hits you with a +0 dagger.
You die...

######## .......#
.......# .......#
.......#
.......#############.###
................@o......
.......#############....
.......# . .......### .
##.##...<###..###
##.#####.....##..
#..###...###....
#.##..>#......##
#.#..###.#....###


You could see an orc priest.

Vanquished Creatures
  A scorpion (D:4)
  A hound (D:4)
  An adder (D:4)
  2 worms
  6 orcs
  7 endoplasms
  2 giant cockroaches
  7 goblins
  6 hobgoblins
  3 quokkas
  3 ball pythons
  6 bats
  4 frilled lizards
  5 kobolds
  5 rats
59 creatures vanquished.

Vanquished Creatures (others)
  4 plants (D:3)
4 creatures vanquished.

Grand Total: 63 creatures vanquished

Notes
Turn   | Place    | Note
-------+----------+-------------------------------------------
     0 | D:1      | bmack86 the Minotaur Fighter began the quest for the Orb.
     0 | D:1      | Reached XP level 1. HP: 19/19 MP: 0/0
    67 | D:1      | Reached XP level 2. HP: 21/26 MP: 1/1
   704 | D:2      | Found a faded altar of an unknown god.
   812 | D:2      | Reached XP level 3. HP: 30/31 MP: 2/2
  1579 | D:3      | Reached skill level 5 in Shields
  2630 | D:4      | Noticed a scorpion
  2639 | D:4      | Killed a scorpion
  2640 | D:4      | Reached skill level 5 in Axes
  2640 | D:4      | Reached XP level 4. HP: 25/39 MP: 3/3
  2655 | D:4      | Reached XP level 5. HP: 32/45 MP: 4/4
  2819 | D:4      | Identified the +0 robe "Meath" {Int+4 Stlth+ Archmagi}
  2943 | D:4      | Slain by an orc priest

Illustrated notes

Levels and vault maps discovered:
D:1:      evilmike_arrival_rings, layout_basic, interstate_on_off
D:2:      layout_loops_ring, ebering_ecumenical_altar_sacrificial,
          minmay_pentomino_o4
D:3:      wad_lake_hut, layout_basic, grunt_decor_mini_mirrors
D:4:      layout_rooms, kennysheep_mini_moat, nicolae_wooded_promenade,
          uniq_pikel, uniq_natasha

Skill      XL: |  1  2  3 |
---------------+----------+-----
Shields        | 4 5 |  5.0
Axes           | 3 5 |  5.8
Fighting       | |  3.6
Armour         | |  3.6

Action                   |  1- 3 |  4- 6 || total
-------------------------+-------+-------++-------
Melee: War axe           |   102 |    21 ||   123
       Headbutt          |    22 |     5 ||    27
Throw: Boomerang         |     2 |       ||     2
  Use: Scroll            |       |     1 ||     1
Armor: Scale mail        |    54 |    10 ||    64
Dodge: Dodged            |    44 |     9 ||    53
Block: Buckler           |    26 |     4 ||    30
